 Dungeon Crawl Stone Soup version 0.29.1-2-gbd0b4ee654 (webtiles) character file.

Game seed: 10513369116695961627

30 Raikaria the Cutter (level 3, -1/30 HPs)
             Began as a Djinni Fighter on Nov 10, 2022.
             Slain by an adder (3 damage)
             ... on level 2 of the Dungeon.
             The game lasted 00:01:50 (945 turns).

Raikaria the Cutter (Djinni Fighter)                 Turns: 945, Time: 00:01:51

Health: -1/30      AC:  6    Str: 15    XL:     3   Next: 37%
Gold:   52         EV:  8    Int:  9    God:
                   SH:  5    Dex: 14

rFire   + + .      SeeInvis .   a - +0 rapier
rCold   x . .      Faith    .   c - +0 buckler
rNeg    . . .      Spirit   .   b - +0 scale mail
rPois   ∞          Reflect  .   (no helmet)
rElec   .          Harm     .   (no cloak)
rCorr   .          Rampage  .   (no gloves)
Will    .....                   (boots unavailable)
Stlth   ..........              (no amulet)
HPRegen 0.10/turn               (no ring)
MPRegen 0.00/turn               (no ring)

@: flying
A: sickness immunity, fire resistance 2, cold vulnerability 1, float, innate
caster, HP casting, extra vitality 1
a: no special abilities


You were on level 2 of the Dungeon.
You visited 1 branch of the dungeon, and saw 2 of its levels.

You collected 52 gold pieces.

Inventory:

Hand Weapons
 a - a +0 rapier (weapon)
Armour
 b - a +0 scale mail (worn)
 c - a +0 buckler (worn)
Jewellery
 g - a ring of fire
Scrolls
 f - 2 scrolls of blinking {unknown}
Potions
 d - 2 potions of might
 e - 3 potions of curing {unknown}


   Skills:
 - Level 3.0 Fighting
 + Level 3.2 Short Blades
 - Level 3.0 Armour
 - Level 3.0 Shields


You had one spell level left.
You knew the following spells:

 Your Spells              Type           Power      Damage    Failure   Level
a - Slow                  Hex            0%         N/A       90%         1
Your spell library was empty.

Dungeon Overview and Level Annotations

Branches:
Dungeon (2/15)

Altars:

Shops:
D:1 =


Innate Abilities, Weirdness & Mutations

You are immune to sickness and miasma.
You are immune to poison.
Your flesh is very heat resistant. (rF++)
You are vulnerable to cold. (rC-)
You float through the air rather than walking.
You learn spells naturally, not from books.
Your magical power is your life essence.
You have superior vitality. (+4 MHP)


Message History

You hit the adder but do no damage.
The adder is almost dead.
The adder bites you but does no damage. The endoplasm freezes you.
You are frozen.
The endoplasm hits you.
You hit the endoplasm.
The endoplasm is heavily wounded.
A bat comes into view.
The adder barely misses you. The endoplasm barely misses you. x2
You block the adder's attack.
The bat moves out of view.
You hit the endoplasm but do no damage.
The endoplasm is heavily wounded.
The endoplasm freezes you.
You are frozen!
You feel a terrible chill! The endoplasm completely misses you.
The adder bites you but does no damage.
You hit the endoplasm.
The endoplasm is almost dead.
You block the endoplasm's attack. The endoplasm freezes you.
You are frozen.
You feel a terrible chill!
* * * LOW HITPOINT WARNING * * *
The adder bites you but does no damage.
You hit the endoplasm.
You kill the endoplasm!
The adder bites you.
* * * LOW HITPOINT WARNING * * *
The endoplasm completely misses you. The adder bites you.
* * * LOW HITPOINT WARNING * * *
You hit the endoplasm.
The endoplasm is almost dead.
The endoplasm hits you but does no damage.
The adder bites you.
* * * LOW HITPOINT WARNING * * *
You hit the endoplasm but do no damage.
The endoplasm is almost dead.
The endoplasm freezes you.
You are frozen.
You feel a terrible chill!
* * * LOW HITPOINT WARNING * * *
The adder bites you.
You die...

......#.###.########....<...#
.#..........................#
......#.........#####.....###
.#..#...........# ###....##
...........####....###
...........##........#
..#..................#
.##......$.J.........#
.........@.........#
#.........S...<....#
.##.............S....
#...###.#........... #...#
#..........#.. #...
##..#.....## . ...
#..##....># #.......... ..
........


You could see an adder and an endoplasm.

Vanquished Creatures
  A dart slug (D:1)
  2 ball pythons (D:1)
  3 bats (D:1)
  5 endoplasms
  A giant cockroach (D:1)
  A hobgoblin (D:1)
  2 kobolds
  2 quokkas (D:1)
  A frilled lizard (D:1)
  3 goblins (D:1)
  5 rats
26 creatures vanquished.

Notes
Turn   | Place    | Note
-------+----------+-------------------------------------------
     0 | D:1      | Raikaria the Djinni Fighter began the quest for the Orb.
     0 | D:1      | Reached XP level 1. HP: 20/20 MP: 0/0
   125 | D:1      | Reached XP level 2. HP: 12/25 MP: 0/0
   293 | D:1      | Found a faded altar of an unknown god.
   551 | D:1      | Reached XP level 3. HP: 29/30 MP: 0/0
   551 | D:1      | Learned a level 1 spell: Slow
   565 | D:1      | You are sucked into a shaft and drop 1 floor!
   603 | D:1      | Found Risho's Jewellery Emporium.
   945 | D:2      | Slain by an adder

Illustrated notes

Levels and vault maps discovered:
D:1:      minmay_arrival_diagonal_passages, layout_rooms,
          ebering_ecumenical_altar_mist, serial_shops, shop
D:2:      layout_rooms

Skill      XL: |  1  2  3 |
---------------+----------+-----
Short Blades   | 2 3 |  3.2
Fighting       | |  3.0
Armour         | |  3.0
Shields        | |  3.0

Action                   || total
-------------------------++-------
Melee: Rapier            ||    86
Armor: Scale mail        ||    39
Dodge: Dodged            ||    32
Block: Buckler           ||    19
